Map: Coda EC

Players

AgCl

  • Race: Protoss Protoss
  • League: Grandmaster

pagdwa - Winner!

  • Race: Protoss Protoss
  • League: Grandmaster

VOD

Have the link to the VOD?

Description

Time

  • Played on: June 5, 2015, 8:56 p.m.
  • Length: 5:42
Show
View Real Time Build Order
Export as new Build Order

AgCl Protoss 

Build Orders: Oracle Opening, Oracle Opening 

Get SALT Encoding   

  12  0:13  Probe  
  13  0:16  Pylon  
  13  0:25  Probe  
  14  0:37  Probe  
  15  0:46  Gateway  
  15  0:47  Assimilator  
  15  0:52  Pylon  
  15  0:55  Probe  
  16  1:07  Probe (Chrono Boost)  
  18  1:18  Probe (Chrono Boost)  
  18  1:24  Probe (Chrono Boost)  
  19  1:35  Zealot (Chrono Boost)  
  19  1:36  Probe  
  22  1:40  Assimilator  
  22  1:42  Cybernetics Core  
  22  1:48  Probe  
  23  2:00  Probe (Chrono Boost)  
  24  2:13  Probe (Chrono Boost)  
  25  2:18  Stargate  
  25  2:20  Probe (Chrono Boost)  
  26  2:31  Mothership Core (Chrono Boost)  
  26  2:34  Gateway  
  28  2:45  Probe (Chrono Boost)  
  29  2:55  Warp Gate  
  29  3:04  Gateway  
  29  3:06  Nexus  
  29  3:21  Pylon  
  29  3:22  Probe  
  30  3:42  Oracle (Chrono Boost)  
  30  3:44  Probe  
  34  3:52  Fleet Beacon  
  34  3:56  Probe  
  35  4:08  Probe  
  36  4:15  Robotics Facility  
  36  4:19  Probe  
  36  4:20  Probe  
  36  4:21  Pylon  
  38  4:30  Void Ray (Chrono Boost)  
  32  4:40  Probe  
  32  4:41  Probe  
  30  5:02  Pylon  
  30  5:14  Pylon  
  28  5:26  Probe (Chrono Boost)  
Show
View Real Time Build Order
Export as new Build Order

pagdwa Protoss - Winner!

Build Orders: Oracle Opening, Oracle Opening 

Get SALT Encoding   

  12  0:09  Pylon  
  12  0:13  Probe  
  13  0:25  Probe  
  14  0:41  Gateway  
  14  0:46  Probe (Chrono Boost)  
  15  0:54  Assimilator  
  16  0:58  Probe (Chrono Boost)  
  16  0:59  Assimilator  
  17  1:04  Probe (Chrono Boost)  
  17  1:15  Probe (Chrono Boost)  
  19  1:27  Probe (Chrono Boost)  
  19  1:31  Cybernetics Core, Pylon  
  19  1:33  Probe (Chrono Boost)  
  20  1:44  Probe  
  21  1:56  Probe (Chrono Boost)  
  23  2:08  Probe (Chrono Boost)  
  23  2:09  Gateway  
  25  2:15  Zealot (Chrono Boost)  
  25  2:20  Mothership Core  
  26  2:23  Warp Gate (Chrono Boost)  
  26  2:44  Stargate  
  26  2:53  Pylon  
  26  2:59  Stalker  
  26  3:00  Stalker  
  30  3:11  Probe, Pylon  
  31  3:23  Probe  
  32  3:28  Oracle (Chrono Boost)  
  35  3:44  Probe  
  35  3:56  Probe  
  36  4:08  Probe  
  37  4:13  Stalker  
  37  4:14  Stalker  
  41  4:27  Phoenix  
  43  4:36  Stalker  
  44  4:52  Phoenix (Chrono Boost)  
  40  4:59  Zealot x2  
  46  5:18  Phoenix (Chrono Boost)  
  44  5:25  Stalker  
  46  5:31  Pylon  
Tags
 
Add a new tag
Caveats
  • Supply blocks, unpowered buildings, or Contaminate may cause inaccurate times.
  • Supply counts are checked every 10 seconds.